 Dungeon Crawl Stone Soup version 0.22.1-2-g9c5b331383 (webtiles) character file.

73 Ihlosi the Skirmisher (level 4, -1/35 HPs)
             Began as a Human Gladiator on Nov 18, 2018.
             Slain by a gnoll
             ... wielding a +0 spear
              (4 damage)
             ... on level 2 of the Dungeon.
             The game lasted 00:03:52 (1490 turns).

Ihlosi the Skirmisher (Human Gladiator)             Turns: 1490, Time: 00:03:53

Health: -1/35      AC:  5    Str: 14    XL:     4   Next: 51%
Magic:  4/4        EV: 13    Int:  9    God:
Gold:   117        SH:  0    Dex: 15    Spells: 3/3 levels left

rFire    . . .     SeeInvis .   a - +0 long sword
rCold    . . .     Gourm    .   (no shield)
rNeg     . . .     Faith    .   b - +0 leather armour
rPois    .         Spirit   .   c - +0 helmet
rElec    .         Reflect  .   (no cloak)
rCorr    .         Harm     .   p - +0 pair of gloves (curse)
MR       .....                  (no boots)
Stlth    ++........             (no amulet)
HPRegen  0.11/turn              (no ring)
MPRegen  0.09/turn              (no ring)

@: no status effects
A: no striking features
a: no special abilities


You were on level 2 of the Dungeon.
You were not hungry.

You visited 1 branch of the dungeon, and saw 2 of its levels.

You collected 117 gold pieces.

Inventory:

Hand Weapons
 a - a +0 long sword (weapon)
Missiles
 d - a throwing net (quivered)
 n - 11 bolts
Armour
 b - a +0 leather armour (worn)
 c - a +0 helmet (worn)
 p - a cursed +0 pair of gloves (worn)
Jewellery
 l - an uncursed ring of ice
Scrolls
 e - 4 scrolls of identify {unknown}
 g - 3 scrolls of blinking {unknown}
 h - a scroll of fear {unknown}
 j - a scroll of teleportation {unknown}
 k - 3 scrolls of remove curse {unknown}
 q - a scroll of noise {unknown}
Potions
 m - a potion of haste {unknown}
 o - a potion of curing {unknown}
Comestibles
 f - 6 rations


   Skills:
 * Level 3.2 Fighting
 - Level 3.0 Long Blades
 - Level 2.0 Throwing
 * Level 2.4 Armour
 - Level 3.0 Dodging
 - Level 1.0 Stealth


You had 3 spell levels left.
You didn't know any spells.
Your spell library was empty.

Dungeon Overview and Level Annotations

Branches:
Dungeon (2/15)

Altars:
Kikubaaqudgha


Message History

The leopard gecko misses you.
You riposte.
You slash the leopard gecko!
You kill the leopard gecko!
The gnoll misses you.
You hit the gnoll but do no damage. The gnoll hits you but does no damage.
The gnoll closely misses you.
You hit the gnoll but do no damage. The gnoll closely misses you.
The gnoll hits you but does no damage.
You barely miss the gnoll. The gnoll hits you with a spear!
The gnoll hits you with a flail. The gnoll barely misses you.
You hit the gnoll.
The gnoll is lightly wounded.
The gnoll misses you. The gnoll hits you with a spear.
* * * LOW HITPOINT WARNING * * *
You slash the gnoll!
The gnoll is severely wounded.
The gnoll completely misses you. The gnoll hits you with a spear.
* * * LOW HITPOINT WARNING * * *
It was a potion of magic.
Magic courses through your body. The gnoll misses you.
The gnoll hits you with a spear.
You die...

#.##.##g #.......# # ####
###.....g. ###...### # #.....
...##.# #...# #.....
#.##.########...#####
#.....####.....#..............
#.......##...#................
#.....#.##.....#..............
#...........#g#######....#.###
#.......###.#@# #....#.#
####.###..###.#g# #....#.#
..gg..##..<.g...# #....#.#
#........g.### ###....#.#
#.?...###### #........#
..........# #.###..###
.##.......# #.###.)#####
.......>.# .............
#####...### ##.#....#####


You could see 2 gnolls.

Vanquished Creatures
  2 gnolls (D:2)
  An adder (D:2)
  A worm (D:2)
  3 leopard geckos
  3 bats (D:1)
  4 giant cockroaches
  7 hobgoblins
  2 jackals (D:2)
  5 kobolds
  A frilled lizard (D:2)
  4 goblins
  3 rats
36 creatures vanquished.

Notes
Turn   | Place    | Note
-------+----------+-------------------------------------------
     0 | D:1      | Ihlosi the Human Gladiator began the quest for the Orb.
     0 | D:1      | Reached XP level 1. HP: 16/16 MP: 1/1
    42 | D:1      | Reached XP level 2. HP: 11/22 MP: 2/2
    62 | D:1      | Reached skill level 1 in Stealth
    85 | D:1      | Reached skill level 1 in Armour
   524 | D:1      | Reached XP level 3. HP: 28/28 MP: 3/3
  1090 | D:2      | Reached XP level 4. HP: 29/35 MP: 4/4
  1385 | D:2      | Found an ancient bone altar of Kikubaaqudgha.
  1490 | D:2      | Slain by a gnoll

Skill      XL: |  1  2  3 |
---------------+----------+-----
Stealth        | 1 |  1.0
Armour         | 1 2 |  2.4
Fighting       | 3 |  3.2
Long Blades    | |  3.0
Throwing       | |  2.0
Dodging        | |  3.0

Action                   |  1- 3 |  4- 6 || total
-------------------------+-------+-------++-------
Melee: Long sword        |    68 |    28 ||    96
Throw: Throwing net      |       |     3 ||     3
  Use: Potion            |       |     1 ||     1
 Stab: Sleeping          |     1 |       ||     1
  Eat: Chunk             |       |     2 ||     2
Armor: Leather armour    |    11 |    11 ||    22
Dodge: Dodged            |    64 |    25 ||    89
       Rpst.: Long sword |    23 |     4 ||    27
